 Dungeon Crawl Stone Soup version 0.17.1-2-g5865329 (webtiles) character file.

821 Grim the Shooter (level 7, -3/52 HPs)
             Began as a Centaur Arcane Marksman on Jan 12, 2016.
             Was an Initiate of Cheibriados.
             Shot with an arrow by a centaur (18 damage)
             ... on level 5 of the Dungeon.
             The game lasted 00:21:58 (7102 turns).

Grim the Shooter (Centaur Arcane Marksman)          Turns: 7102, Time: 00:21:58

Health: -3/52      AC:  5    Str: 15    XL:     7   Next: 63%
Magic:  6/8        EV:  9    Int: 13    God:    Cheibriados [......]
Gold:   210        SH:  0    Dex: 11    Spells: 2 memorised, 5 levels left

rFire  . . .     SeeInvis .     a - +0 shortbow
rCold  . . .     Clarity  .     b - +0 robe
rNeg   . . .     SustAt   .     (shield currently unavailable)
rPois  .         Gourm    .     (no helmet)
rElec  .         Spirit   .     k - +0 cloak
rCorr  +         Warding  .     (no gloves)
rMut   .         Stasis   .     (no barding)
MR     .....                    n - amulet of resist corrosion
Stlth  +.........               (no ring)
                                (no ring)

@: not resistant to hostile enchantments, very unstealthy
A: hooves 3, deformed body, speed 2, tough skin 3
a: Bend Time, Renounce Religion


You were on level 5 of the Dungeon.
You worshipped Cheibriados.
Cheibriados was noncommittal.
You were not hungry.

You visited 2 branches of the dungeon, and saw 6 of its levels.

You collected 210 gold pieces.

Inventory:

Hand Weapons
 a - a +0 shortbow (weapon)
 s - the +0 great sword "Telat" {drain, rElec rPois Str-5 Dex+6}
   (You found it on level 5 of the Dungeon)

   A truly terrible weapon, it drains the life of those it strikes.
   It affects your strength (-5).
   It affects your dexterity (+6).
   It insulates you from electricity.
   It protects you from poison.
Missiles
 d - 90 arrows (quivered)
Armour
 b - a +0 robe (worn)
 k - a +0 cloak (worn)
Jewellery
 m - an uncursed ring of poison resistance {unknown}
 n - an amulet of resist corrosion (around neck)
Scrolls
 f - a scroll of enchant weapon {unknown}
 h - 8 scrolls of identify
 i - a scroll of remove curse
 j - a scroll of random uselessness {unknown}
 o - 2 scrolls of teleportation {unknown}
Potions
 l - 2 potions of heal wounds
 p - a potion of curing
 q - a potion of flight
 t - 2 potions of cancellation {unknown}
 u - a potion of resistance {unknown}
Books
 c - a book of Debilitation

   Spells                             Type                      Level
   a - Corona                         Hexes                        1
   b - Slow                           Hexes                        2
   c - Gell's Gravitas                Hexes/Translocation          3
   d - Inner Flame                    Hexes/Fire                   3
   e - Cause Fear                     Hexes                        4
   f - Leda's Liquefaction            Hexes/Earth                  4
Comestibles
 e - a bread ration
 g - a royal jelly
 r - a chunk of flesh


   Skills:
 - Level 1.0 Fighting
 + Level 7.7 Bows
 - Level 1.3 Dodging
 - Level 1.0 Spellcasting
 * Level 6.6 Hexes


You had 5 spell levels left.
You knew the following spells:

 Your Spells              Type           Power        Failure   Level  Hunger
a - Corona                Hex            ###....      1%          1    ##.....
b - Slow                  Hex            ###.....     3%          2    ###....


Dungeon Overview and Level Annotations

Branches:
Dungeon (5/15)             Temple (1/1) D:4

Altars:
Ashenzari
Cheibriados
Elyvilon
Fedhas
Makhleb
Nemelex Xobeh
Okawaru
Qazlal
Ru
Sif Muna
Trog
Vehumet
Xom
Yredelemnul
Zin
The Shining One


Innate Abilities, Weirdness & Mutations

You have hooves in place of feet.
Armour fits poorly on your strangely shaped body.
You cover ground very quickly.
You have extremely tough skin (AC +3).


Message History

* * * LOW HITPOINT WARNING * * *
The centaur shoots an arrow.
The arrow hits you!
* * * LOW HITPOINT WARNING * * *
You are too injured to fight recklessly!
Casting: Corona
Confirm with . or Enter, or press ? or * to list all spells.
Aiming: Corona
Press: ? - help, Shift-Dir - straight line, f/p - centaur
Aim: a centaur, wielding a shortbow (chance to defeat MR: 54%)
The centaur is outlined in light.
The centaur shoots an arrow.
The arrow barely misses you.
You are too injured to fight recklessly!
You are too injured to fight recklessly!
Firing (i - inventory):
d - 91 arrows (quivered)
Press: ? - help, Shift-Dir - straight line, f/p - centaur
Aim: a centaur, wielding a shortbow (softly glowing)
You shoot an arrow. The arrow hits the centaur.
The centaur is moderately wounded.
The centaur shoots an arrow.
The arrow hits you!!
You die...

##.#.########
##....#
#...[.#
##....#
##.#.#
#.####.#.##
#.........#
######'#.##
#(@.##
#.....#
#.......#
#........(#
+.........'c
#.........###
##.......##
##.....##


You could see a centaur.

Vanquished Creatures
  A phantom (D:4)
  An ice beast (D:5)
  A centaur (D:5)
  The ghost of Musteatbrain the Gusty, an amateur TeAE (D:3)
  A crimson imp (D:5)
  An orc priest (D:3)
  2 orc wizards (D:4)
  A centaur skeleton (D:4)
  3 hounds
  2 worker ants (D:4)
  6 adders
  An adder skeleton (D:5)
  6 worms
  4 giant geckos
  13 orcs
  9 giant cockroaches
  9 goblins
  6 hobgoblins
  4 quokkas
  A ball python (D:3)
  5 bats
  4 giant newts
  9 jackals
  2 jackal skeletons (D:4)
  A jackal zombie (D:5)
  8 kobolds
  15 rats
117 creatures vanquished.

Notes
Turn   | Place    | Note
--------------------------------------------------------------
     0 | D:1      | Grim the Centaur Arcane Marksman began the quest for the Orb.
     0 | D:1      | Reached XP level 1. HP: 16/16 MP: 2/2
    11 | D:1      | Reached skill level 3 in Bows
   230 | D:1      | Reached XP level 2. HP: 18/23 MP: 1/3
   412 | D:1      | Reached skill level 4 in Bows
  1309 | D:2      | Reached XP level 3. HP: 23/28 MP: 1/4
  1888 | D:2      | Learned a level 2 spell: Slow
  2338 | D:2      | Noticed a moth of wrath
  2341 | D:2      | Found a bloodstained altar of Trog.
  2590 | D:2      | Reached XP level 4. HP: 35/35 MP: 3/5
  2762 | D:3      | Reached skill level 5 in Bows
  3294 | D:3      | Reached XP level 5. HP: 40/40 MP: 3/6
  4028 | D:3      | Noticed Musteatbrain's ghost (amateur TeAE)
  4043 | D:3      | Killed Musteatbrain's ghost
  4136 | D:4      | Reached skill level 6 in Bows
  4136 | D:4      | Reached XP level 6. HP: 28/47 MP: 1/7
  4431 | D:4      | Found a staircase to the Ecumenical Temple.
  4431 | D:4      | Noticed a phantom
  4568 | D:4      | Killed a phantom
  4568 | D:4      | Reached skill level 5 in Hexes
  4682 | Temple   | Entered the Ecumenical Temple
  5049 | Temple   | Became a worshipper of Cheibriados the Contemplative
  5278 | D:4      | Found an iron altar of Okawaru.
  5964 | D:4      | Reached XP level 7. HP: 15/52 MP: 5/8
  6174 | D:4      | Found a basalt altar of Yredelemnul.
  6239 | D:4      | Reached skill level 7 in Bows
  6415 | D:5      | Entered Level 5 of the Dungeon
  6486 | D:5      | Got a faintly glowing great sword
  6487 | D:5      | Identified the cursed +0 great sword "Telat" {drain, rElec rPois Str-5 Dex+6} (You found it on level 5 of the Dungeon)
  6802 | D:5      | Found a blossoming altar of Fedhas.
  7102 | D:5      | Shot with an arrow by a centaur

Action                   |  1- 3 |  4- 6 |  7- 9 || total
-------------------------+-------+-------+-------++-------
 Fire: Shortbow          |   138 |   231 |    88 ||   457
 Cast: Corona            |    44 |    71 |    25 ||   140
       Slow              |       |     7 |       ||     7
  Use: Scroll            |       |       |     3 ||     3
       Potion            |       |       |     1 ||     1
  Eat: Chunk             |     5 |     7 |     6 ||    18
       Bread ration      |       |     1 |       ||     1
